 Dungeon Crawl Stone Soup version 0.26.1-2-gb8aa6d0cf2 (webtiles) character file.

Game seed: 8870428924980688791

54 skwiii the Skirmisher (level 3, 0/52 HPs)
             Began as a Palentonga Abyssal Knight on Feb 19, 2021.
             Was a Believer of Lugonu.
             Succumbed to an adder's poison
             ... on level 1 of the Dungeon.
             The game lasted 00:03:54 (1651 turns).

skwiii the Skirmisher (Palentonga Abyssal Knight)   Turns: 1651, Time: 00:03:55

Health: 0/52       AC:  4    Str: 16    XL:     3   Next: 66%
Magic:  4/4        EV:  9    Int: 12    God:    Lugonu [**....]
Gold:   55         SH:  0    Dex:  9    Spells: 2/2 levels left

rFire    . . .     SeeInvis +   a - +1 hand axe
rCold    . . .     Faith    .   (no shield)
rNeg     . . .     Spirit   .   b - +0 leather armour
rPois    .         Reflect  .   (helmet restricted)
rElec    .         Harm     .   (no cloak)
rCorr    .         Rampage  .   (no gloves)
Will     .....     Rnd*Rage +   (no barding)
Stlth    ..........             (no amulet)
HPRegen  0.17/turn              (no ring)
MPRegen  0.09/turn              (no ring)

@: berserking, lethally poisoned (0 -> -4), very quick
A: large, antennae 1, hooves 1, rugged brown scales 3, see invisible, berserk 1,
deformed body, roll 1, armoured tail
a: Rolling Charge, Renounce Religion, Depart the Abyss, Bend Space


You were on level 1 of the Dungeon.
You worshipped Lugonu.
Lugonu was pleased with you.
You visited 1 branch of the dungeon, and saw 2 of its levels.
You visited the Abyss 1 time.

You collected 55 gold pieces.

Inventory:

Hand Weapons
 a - a +1 hand axe (weapon)
Armour
 b - a +0 leather armour (worn)
 f - a +0 helmet
Scrolls
 e - a scroll of remove curse
 h - a scroll of teleportation {unknown}


   Skills:
 * Level 3.7 Fighting
 * Level 2.8 Axes
 + Level 1.9 Armour
 - Level 0.7 Dodging
 + Level 2.5 Invocations


You had 2 spell levels left.
You didn't know any spells.
Your spell library was empty.

Dungeon Overview and Level Annotations

Branches:
Dungeon (2/15)

Altars:
Dithmenos


Innate Abilities, Weirdness & Mutations

You are completely covered in rugged brown scales. (AC +3, +7% HP)
You have supernaturally acute eyesight. (SInv)
Armour fits poorly on your strangely shaped body.
You can roll at nearby foes to attack.
You have a long armoured tail.
You have a pair of small antennae on your head.
You have large cloven feet.
You tend to lose your temper in combat.


Message History

You feel sick. The adder bites you.
* * * LOW HITPOINT WARNING * * *
You are more poisoned.
The adder poisons you!
* * * LOW HITPOINT WARNING * * *
You feel sick.
You feel better. The adder bites you.
* * * LOW HITPOINT WARNING * * *
It was a potion of mutation.
You feel extremely strange.
You feel a little pissed off.
Your feet thicken and deform.
A pair of antennae grows on your head! The adder bites you.
* * * LOW HITPOINT WARNING * * *
You are lethally poisoned!
The adder poisons you! The adder bites you.
* * * LOW HITPOINT WARNING * * *
It was a potion of berserk rage.
A red film seems to cover your vision as you go berserk!
You feel yourself moving faster!
You feel mighty!
You die...

........# #.#.####.#
######### #........#
###.###### #.# #.# #########
#####.## #.......#
#######......# #.#####.#
####........##..# #.# #.#
#........#..##.@#####.#####.#
#.##.###........S........##.#
#.##.#####.......####.##.##.#
#.##........#...## #.##.##.#
#.########.###..# #.......#
#.##### #......# ####.####
#.....# #####.## #.#####
#.....# ##+## #.....# #.....#
##...## #.###.#


You could see an adder.

Vanquished Creatures
  An ooze (D:1)
  3 dart slugs
  A leopard gecko (D:1)
  4 bats (D:1)
  2 giant cockroaches (D:1)
  5 goblins (D:1)
  3 hobgoblins (D:1)
  9 jackals (D:1)
  A ball python (D:1)
  2 frilled lizards (D:1)
  2 kobolds (D:1)
  6 rats
39 creatures vanquished.

Notes
Turn   | Place    | Note
-------+----------+-------------------------------------------
     0 | Abyss:1  | skwiii the Palentonga Abyssal Knight began the quest for
                  | the Orb.
     0 | Abyss:1  | Reached XP level 1. HP: 20/20 MP: 2/2
     0 | D:1      | Escaped the Abyss
   176 | D:1      | Reached XP level 2. HP: 27/27 MP: 3/3
   267 | D:1      | Reached * piety under Lugonu
   869 | D:1      | Reached XP level 3. HP: 33/33 MP: 4/4
  1291 | D:1      | Reached ** piety under Lugonu
  1507 | D:2      | Found a shadowy altar of Dithmenos.
  1650 | D:1      | Gained mutation: You tend to lose your temper in combat.
                  | [potion of mutation]
  1650 | D:1      | Gained mutation: You have large cloven feet. [potion of
                  | mutation]
  1650 | D:1      | Gained mutation: You have a pair of small antennae on your
                  | head. [potion of mutation]
  1650 | D:1      | HP: 1/35 [adder (2)]
  1651 | D:1      | Succumbed to an adder's poison

Illustrated notes

Levels and vault maps discovered:
D:1:      wander_arrival_desolate, layout_loops_corners, minmay_misc_feat_cross
D:2:      minmay_razor_zed, layout_loops_ring, nicolae_overflow_hidden_temple,
          lightli_corner_chamber

Action                   || total
-------------------------++-------
Melee: Hand axe          ||   119
       Tailslap          ||     8
Invok: Depart the Abyss  ||     1
       Bend Space        ||     1
 Abil: Rolling Charge    ||     4
  Use: Potion            ||     5
       Scroll            ||     1
Armor: Leather armour    ||    68
Dodge: Dodged            ||    77
